BSA
ST CHARLES SHEENS @ BAFFIN ISLAND BEAVERS
07/03/2024
 
TOP OF THE 1ST
St Charles Sheens batting - Pitching for Baffin Island Beavers : RHP Armando Pérez
Pitching: RHP Armando Pérez
Batting: LHB Marcos Cantú 0-0: Called Strike
0-1: Foul Ball, location: 2F
0-2: Ground out U3 (Groundball, 3)
Batting: RHB Júlio Hernández 0-0: Ball
1-0: Ball
2-0: Ball
3-0: Called Strike
3-1: Base on Balls
Batting: LHB Gene Cooper 0-0: Ball
1-0: Foul Ball, location: 2F
1-1: Fly out, F7 (Flyball, 7LD)
Batting: RHB Max Rash 0-0: Ball
1-0: Fly out, F7 (Flyball, 7LDF)
Top of the 1st over - 0 run(s), 0 hit(s), 0 error(s), 1 left on base; St Charles 0 - Baffin Island 0
BOTTOM OF THE 1ST
Baffin Island Beavers batting - Pitching for St Charles Sheens : LHP Ben Moody
Pitching: LHP Ben Moody
Batting: LHB Chris Bates 0-0: Fly out, F9 (Flyball, 9S)
Batting: RHB Bill Mark 0-0: Ball
1-0: Ground out 5-3 (Groundball, 56S)
Batting: RHB Jorge Morales 0-0: Ball
1-0: Called Strike
1-1: Swinging Strike
1-2: Ball
2-2: Ball
3-2: Strikes out swinging
Bottom of the 1st over - 0 run(s), 0 hit(s), 0 error(s), 0 left on base; St Charles 0 - Baffin Island 0
TOP OF THE 2ND
St Charles Sheens batting - Pitching for Baffin Island Beavers : RHP Armando Pérez
Batting: LHB Jeff Carter 0-0: Fly out, F7 (Line Drive, 78M)
Batting: RHB Kel Pierce 0-0: Ball
1-0: Foul Ball, location: 2F
1-1: Foul Ball, location: 2F
1-2: Foul Ball, location: 2F
1-2: Foul Ball, location: 2F
1-2: Foul Ball, location: 2F
1-2: Strikes out swinging
Batting: RHB Judson Backstrom 0-0: Ball
1-0: Called Strike
1-1: Ball
2-1: Foul Ball, location: 2F
2-2: SINGLE (Groundball, 4MD)
Batting: RHB Dan Tyler 0-0: Ball
1-0: Reached on error, E5 (Groundball, 56S)
Judson Backstrom to second
Batting: RHB Xavier Feliciano 0-0: Called Strike
0-1: Ball
1-1: Foul Ball, location: 2F
1-2: Ball
2-2: Foul Ball, location: 2F
2-2: Foul Ball, location: 2F
2-2: Fly out, F9 (Flyball, 89M)
Top of the 2nd over - 0 run(s), 1 hit(s), 1 error(s), 2 left on base; St Charles 0 - Baffin Island 0
BOTTOM OF THE 2ND
Baffin Island Beavers batting - Pitching for St Charles Sheens : LHP Ben Moody
Batting: RHB Tony Morton 0-0: Called Strike
0-1: Ball
1-1: Ball
2-1: Called Strike
2-2: Ground out 5-3 (Groundball, 56)
Batting: SHB Alonso Ferreira 0-0: Fly out, F9 (Flyball, 9D)
Batting: LHB Jeff Cole 0-0: Ball
1-0: Foul Ball, location: 2F
1-1: Foul Ball, location: 2F
1-2: Foul Ball, location: 2F
1-2: Ball
2-2: Fly out, F6 (Line Drive, 6M)
Bottom of the 2nd over - 0 run(s), 0 hit(s), 0 error(s), 0 left on base; St Charles 0 - Baffin Island 0
TOP OF THE 3RD
St Charles Sheens batting - Pitching for Baffin Island Beavers : RHP Armando Pérez
Batting: LHB Marcos Cantú 0-0: Foul Ball, location: 2F
0-1: Fly out, F8 (Flyball, 8RD)
Batting: RHB Júlio Hernández 0-0: Fly out, F9 (Flyball, 89D)
Batting: LHB Gene Cooper 0-0: Foul Ball, location: 2F
0-1: Ball
1-1: Called Strike
1-2: Ball
2-2: Strikes out swinging
Top of the 3rd over - 0 run(s), 0 hit(s), 0 error(s), 0 left on base; St Charles 0 - Baffin Island 0
BOTTOM OF THE 3RD
Baffin Island Beavers batting - Pitching for St Charles Sheens : LHP Ben Moody
Batting: RHB Bryan Sandstrom 0-0: Called Strike
0-1: Foul Ball, location: 2F
0-2: Strikes out swinging
Batting: LHB Jerry Bryan 0-0: Ball
1-0: Ball
2-0: Called Strike
2-1: Swinging Strike
2-2: Foul Ball, location: 2F
2-2: Fly out, F8 (Flyball, 8LM)
Batting: LHB Keng-chi Lao 0-0: Ball
1-0: Foul Ball, location: 2F
1-1: Ball
2-1: Ball
3-1: Swinging Strike
3-2: Base on Balls
Batting: LHB Chris Bates 0-0: Called Strike
0-1: Ball
Wild Pitch!
Keng-chi Lao to second
1-1: Foul Ball, location: 2F
1-2: Ball
2-2: Fly out, F6 (Line Drive, 6)
Bottom of the 3rd over - 0 run(s), 0 hit(s), 0 error(s), 1 left on base; St Charles 0 - Baffin Island 0
TOP OF THE 4TH
St Charles Sheens batting - Pitching for Baffin Island Beavers : RHP Armando Pérez
Batting: RHB Max Rash 0-0: Called Strike
0-1: Ball
1-1: Ball
2-1: Ball
3-1: Foul Ball, location: 2F
3-2: Base on Balls
Batting: LHB Jeff Carter 0-0: Ball
1-0: Ball
2-0: SINGLE (Groundball, 4MD)
Max Rash to second
Batting: RHB Kel Pierce 0-0: Swinging Strike
0-1: Called Strike
0-2: SINGLE (Groundball, 15) (infield hit)
Max Rash to third
Jeff Carter to second
Batting: RHB Judson Backstrom 0-0: SINGLE (Line Drive, 9S)
Max Rash scores
Jeff Carter to third
Kel Pierce to second
Batting: RHB Dan Tyler 0-0: Ball
1-0: Called Strike
1-1: Foul Ball, location: 2F
1-2: Strikes out looking
Batting: RHB Xavier Feliciano 0-0: Ball
1-0: Ball
2-0: Ball
3-0: Base on Balls
Jeff Carter scores
Kel Pierce to third
Judson Backstrom to second
Batting: LHB Marcos Cantú 0-0: Swinging Strike
0-1: Swinging Strike
0-2: Strikes out swinging
Batting: RHB Júlio Hernández 0-0: Foul Ball, location: 2F
0-1: Ball
1-1: Ball
2-1: SINGLE (Groundball, 34D)
Kel Pierce scores
Judson Backstrom to third
Xavier Feliciano to second
Runner from 3rd tries for Home, SAFE, no throw or cutoff
Batting: LHB Gene Cooper 0-0: Called Strike
0-1: Ground out 4-3 (Groundball, 4)
Top of the 4th over - 4 run(s), 4 hit(s), 0 error(s), 2 left on base; St Charles 4 - Baffin Island 0
BOTTOM OF THE 4TH
Baffin Island Beavers batting - Pitching for St Charles Sheens : LHP Ben Moody
Batting: RHB Bill Mark 0-0: Ball
1-0: Swinging Strike
1-1: SINGLE (Line Drive, 6M)
Batting: RHB Jorge Morales 0-0: 2-RUN HOME RUN (Flyball, 8LXD) (Inside the Park)
Batting: RHB Tony Morton 0-0: Fly out, F2 (Popup, 2LF)
Batting: SHB Alonso Ferreira 0-0: Swinging Strike
0-1: Ball
1-1: Fly out, F9 (Flyball, 9S)
Batting: LHB Jeff Cole 0-0: Ball
1-0: Ball
2-0: Ball
3-0: Swinging Strike
3-1: Foul Ball, location: 2F
3-2: Strikes out looking
Bottom of the 4th over - 2 run(s), 2 hit(s), 0 error(s), 0 left on base; St Charles 4 - Baffin Island 2
TOP OF THE 5TH
St Charles Sheens batting - Pitching for Baffin Island Beavers : RHP Armando Pérez
Batting: RHB Max Rash 0-0: Ball
1-0: Foul Ball, location: 2F
1-1: Foul Ball, location: 2F
1-2: Strikes out looking
Batting: LHB Jeff Carter 0-0: Swinging Strike
0-1: Foul Ball, location: 2F
0-2: Ball
1-2: Ground out 1-3 (Groundball, 13)
Batting: RHB Kel Pierce 0-0: Bunted foul
0-1: Ground out U3 (Groundball, 3S)
Top of the 5th over - 0 run(s), 0 hit(s), 0 error(s), 0 left on base; St Charles 4 - Baffin Island 2
BOTTOM OF THE 5TH
Baffin Island Beavers batting - Pitching for St Charles Sheens : LHP Ben Moody
Batting: RHB Bryan Sandstrom 0-0: Ball
1-0: Foul Ball, location: 2F
1-1: Swinging Strike
1-2: Ball
2-2: Ball
3-2: Strikes out swinging
Batting: LHB Jerry Bryan 0-0: Called Strike
0-1: Foul Ball, location: 2F
0-2: Foul Ball, location: 2F
0-2: Ball
1-2: Ball
2-2: SINGLE (Groundball, 3S)
Batting: LHB Keng-chi Lao 0-0: Swinging Strike
Jerry Bryan steals 2nd base
0-1: Ground out 1-3 (Groundball, 25)
Batting: LHB Chris Bates 0-0: Ball
Wild Pitch!
Jerry Bryan to third
1-0: Ball
2-0: Swinging Strike
2-1: Ball
3-1: Swinging Strike
3-2: Foul Ball, location: 2F
3-2: Foul Ball, location: 2F
3-2: Fly out, F5 (Popup, 5SF)
Bottom of the 5th over - 0 run(s), 1 hit(s), 0 error(s), 1 left on base; St Charles 4 - Baffin Island 2
TOP OF THE 6TH
St Charles Sheens batting - Pitching for Baffin Island Beavers : RHP Armando Pérez
Batting: RHB Judson Backstrom 0-0: Ball
1-0: Ground out 5-3 (Groundball, 5)
Batting: RHB Dan Tyler 0-0: Bunted foul
0-1: Fly out, F8 (Flyball, 8LD)
Batting: RHB Xavier Feliciano 0-0: Called Strike
0-1: Swinging Strike
0-2: Ball
1-2: Ground out 6-3 (Groundball, 6)
Top of the 6th over - 0 run(s), 0 hit(s), 0 error(s), 0 left on base; St Charles 4 - Baffin Island 2
BOTTOM OF THE 6TH
Baffin Island Beavers batting - Pitching for St Charles Sheens : LHP Ben Moody
Batting: RHB Bill Mark 0-0: DOUBLE (Flyball, 8RM)
Batting: RHB Jorge Morales 0-0: Called Strike
0-1: Ball
1-1: Ground out 6-3 (Groundball, 6)
Batting: RHB Tony Morton 0-0: Ball
1-0: Ground out 4-3 (Groundball, 4)
Bill Mark to third
Batting: SHB Alonso Ferreira 0-0: Ball
1-0: Called Strike
1-1: Ground out 6-3 (Groundball, 6)
Bottom of the 6th over - 0 run(s), 1 hit(s), 0 error(s), 1 left on base; St Charles 4 - Baffin Island 2
TOP OF THE 7TH
St Charles Sheens batting - Pitching for Baffin Island Beavers : RHP Armando Pérez
Pitching: LHP Thomas Heath
Batting: LHB Marcos Cantú 0-0: Swinging Strike
0-1: Ball
1-1: Ball
2-1: Foul Ball, location: 2F
2-2: Foul Ball, location: 2F
2-2: Strikes out looking
Batting: RHB Júlio Hernández 0-0: Ball
1-0: Foul Ball, location: 2F
1-1: Ball
2-1: Foul Ball, location: 2F
2-2: Foul Ball, location: 2F
2-2: Foul Ball, location: 2F
2-2: Foul Ball, location: 2F
2-2: Strikes out swinging
Pitching: LHP Ignacio Colón
Batting: LHB Gene Cooper 0-0: Foul Ball, location: 2F
0-1: Foul Ball, location: 2F
0-2: Strikes out swinging
Top of the 7th over - 0 run(s), 0 hit(s), 0 error(s), 0 left on base; St Charles 4 - Baffin Island 2
BOTTOM OF THE 7TH
Baffin Island Beavers batting - Pitching for St Charles Sheens : LHP Ben Moody
Batting: LHB Jeff Cole 0-0: Called Strike
0-1: Fly out, F9 (Line Drive, 9LM)
Batting: RHB Bryan Sandstrom 0-0: Swinging Strike
0-1: Swinging Strike
0-2: Strikes out swinging
Batting: LHB Jerry Bryan 0-0: Ball
1-0: Ball
2-0: Foul Ball, location: 2F
2-1: SINGLE (Groundball, 56D)
Batting: LHB Keng-chi Lao 0-0: Swinging Strike
0-1: Ground out 4-3 (Groundball, 4)
Bottom of the 7th over - 0 run(s), 1 hit(s), 0 error(s), 1 left on base; St Charles 4 - Baffin Island 2
TOP OF THE 8TH
St Charles Sheens batting - Pitching for Baffin Island Beavers : LHP Ignacio Colón
Batting: RHB Max Rash 0-0: Ball
1-0: Called Strike
1-1: Ball
2-1: Ground out 4-3 (Groundball, 34)
Batting: LHB Jeff Carter 0-0: Ball
1-0: Called Strike
1-1: SINGLE (Flyball, 8RS)
Pitching: RHP Eduardo Ramos
Batting: RHB Kel Pierce 0-0: Called Strike
0-1: Called Strike
0-2: Ball
1-2: 2-RUN HOME RUN (Flyball, 7D), Distance : 437 ft
Batting: RHB Judson Backstrom 0-0: Ball
1-0: Called Strike
1-1: Swinging Strike
1-2: Strikes out looking
Batting: RHB Dan Tyler 0-0: Called Strike
0-1: Called Strike
0-2: Ball
1-2: Strikes out swinging
Top of the 8th over - 2 run(s), 2 hit(s), 0 error(s), 0 left on base; St Charles 6 - Baffin Island 2
BOTTOM OF THE 8TH
Baffin Island Beavers batting - Pitching for St Charles Sheens : LHP Ben Moody
Pitching: LHP Shan Liu
Batting: LHB Chris Bates 0-0: Ball
1-0: Foul Ball, location: 2F
1-1: Called Strike
1-2: Ball
2-2: Foul Ball, location: 2F
2-2: Fly out, F7 (Popup, 7LS)
Batting: RHB Bill Mark 0-0: Fly out, F8 (Flyball, 8LXD)
Batting: RHB Jorge Morales 0-0: Called Strike
0-1: Ball
1-1: Foul Ball, location: 2F
1-2: Ground out 2-3 (Groundball, 2R)
Bottom of the 8th over - 0 run(s), 0 hit(s), 0 error(s), 0 left on base; St Charles 6 - Baffin Island 2
TOP OF THE 9TH
St Charles Sheens batting - Pitching for Baffin Island Beavers : RHP Eduardo Ramos
Pitching: RHP Dong-hyun Kim
Batting: RHB Xavier Feliciano 0-0: Swinging Strike
0-1: Ball
1-1: Ball
2-1: SINGLE (Line Drive, 9S)
Batting: LHB Marcos Cantú 0-0: Sac Bunt - play at second, runner OUT! 1-6
Batting: RHB Júlio Hernández 0-0: Ball
1-0: Called Strike
1-1: Ball
2-1: Grounds into double play, 1-6-3 (Groundball, 13)
Top of the 9th over - 0 run(s), 1 hit(s), 0 error(s), 0 left on base; St Charles 6 - Baffin Island 2
BOTTOM OF THE 9TH
Baffin Island Beavers batting - Pitching for St Charles Sheens : LHP Shan Liu
Pitching: RHP Juan Rivera
Batting: RHB Tony Morton 0-0: Ball
1-0: Fly out, F8 (Flyball, 8LS)
Batting: SHB Alonso Ferreira 0-0: Called Strike
0-1: Ball
1-1: Foul Ball, location: 2F
1-2: Ball
2-2: Foul Ball, location: 2F
2-2: Foul Ball, location: 2F
2-2: Foul Ball, location: 2F
2-2: Ball
3-2: Foul Ball, location: 2F
3-2: Fly out, F7 (Flyball, 7S)
Batting: LHB Jeff Cole 0-0: Ball
1-0: Foul Ball, location: 2F
1-1: Swinging Strike
1-2: Ball
2-2: Foul Ball, location: 2F
2-2: Strikes out swinging
Bottom of the 9th over - 0 run(s), 0 hit(s), 0 error(s), 0 left on base; St Charles 6 - Baffin Island 2
This league is powered by Out of the Park Baseball, the baseball management simulation game for PC, Mac and Linux
Saturday, April 9th, 2016 - OOTP Baseball 16.8 Build 38